Map: 라이트쉐이드 - 래더

Players

RagnaroK (SHIN) - Winner!

  • Race: Zerg Zerg
  • Spawn Location: 11:00

Kelazhur

  • Race: Terran Terran
  • Spawn Location: 5:00

Event: Cheeseadelphia Winter Championship 2021

VOD

Have the link to the VOD?

Description

Time

  • Played on: Jan. 23, 2021, 4:20 p.m.
  • Length: 3:15

All games in this series

Show
View Real Time Build Order
Export as new Build Order

RagnaroK Zerg - Winner!

Build Orders: Pool First 

Get SALT Encoding   

  12  0:00  Drone  
  13  0:12  Overlord  
  13  0:17  Drone  
  14  0:31  Drone x2  
  16  0:40  Spawning Pool  
  15  0:44  Drone  
  15  0:49  Drone  
  17  1:09  Hatchery  
  16  1:11  Drone  
  16  1:16  Extractor  
  16  1:28  Zergling x6  
  19  1:33  Roach Warren  
  19  1:40  Zergling x2  
  19  1:50  Overlord  
  19  1:57  Queen  
  21  2:13  Roach x2  
  25  2:21  Roach  
  27  2:23  Roach  
  29  2:32  Roach  
  31  2:41  Roach  
  33  2:44  Overlord  
  33  2:50  Roach  
Show
View Real Time Build Order
Export as new Build Order

Kelazhur Terran 

Build Orders:  

Get SALT Encoding   

  12  0:00  SCV  
  13  0:13  SCV  
  14  0:17  Supply Depot  
  14  0:25  SCV  
  15  0:41  Barracks  
  15  0:50  Barracks  
  15  0:53  SCV  
  16  1:07  Barracks  
  16  1:14  SCV  
  17  1:28  Orbital Command, Marine  
  18  1:37  Marine  
  19  1:45  Supply Depot  
  19  1:46  Bunker  
  19  1:47  Marine  
  20  1:54  Marine  
  20  1:56  Marine  
  22  2:05  Marine  
  23  2:12  Marine  
  23  2:14  Marine  
  25  2:23  Marine  
  25  2:29  Marine  
  26  2:31  Marine  
  28  2:41  Marine  
  29  2:47  Marine  
  29  2:49  Marine  
Tags
 
Add a new tag
Caveats
  • Supply blocks, unpowered buildings, or Contaminate may cause inaccurate times.
  • Supply counts are checked every 10 seconds.